 Dungeon Crawl Stone Soup version 0.29.1-2-gbd0b4ee654 (webtiles) character file.

Game seed: 16159768579697882127

3568 Godmorgon the Zephyrmancer (level 10, -3/50 HPs)
             Began as a Tengu Air Elementalist on Oct 24, 2022.
             Was a Believer of Vehumet.
             Slain by an unseen horror zombie (5 damage)
             ... on level 8 of the Dungeon.
             The game lasted 00:34:26 (9960 turns).

Godmorgon the Zephyrmancer (Tengu Air Elementalist) Turns: 9960, Time: 00:34:27

Health: -3/50      AC: 11    Str:  9    XL:     10   Next: 9%
Magic:  2/21       EV: 12    Int: 20    God:    Vehumet [**....]
Gold:   403        SH:  0    Dex: 14    Spells: 12/22 levels left

rFire   . . .      SeeInvis +   a - +2 dagger (freeze)
rCold   + . .      Faith    .   (no shield)
rNeg    . . .      Spirit   .   A - +4 ring mail "Gepaam" {SInv}
rPois   .          Reflect  .   (helmet restricted)
rElec   .          Harm     .   p - +0 cloak
rCorr   .          Rampage  .   t - +0 pair of gloves
Will    .....                   (boots unavailable)
Stlth   +.........              F - amulet of regeneration
HPRegen 0.16/turn               j - ring of protection from cold
MPRegen 0.17/turn               w - ring of wizardry

@: flying quickly and evasively, quick
A: beak, talons 3, nimble flight
a: Renounce Religion


You were on level 8 of the Dungeon.
You worshipped Vehumet.
Vehumet was pleased with you.
You visited 2 branches of the dungeon, and saw 9 of its levels.

You collected 403 gold pieces.

Inventory:

Hand Weapons
 a - a +2 dagger of freezing (weapon)
Missiles
 l - 27 poisoned darts
 r - 6 atropa-tipped darts (quivered)
Armour
 p - a +0 cloak (worn)
 t - a +0 pair of gloves (worn)
 A - the +4 ring mail "Gepaam" (worn) {SInv}
   (You found it on level 6 of the Dungeon)

   SInv:      It lets you see invisible.
Jewellery
 j - a ring of protection from cold (left hand)
 w - a ring of wizardry (right hand)
 y - a ring of positive energy
 F - an amulet of regeneration (around neck)
Wands
 u - a wand of acid (8)
 B - a wand of polymorph (8)
Scrolls
 b - 2 scrolls of silence
 f - a scroll of brand weapon {unknown}
 i - 4 scrolls of fog
 k - a scroll of magic mapping {unknown}
 o - 3 scrolls of teleportation
 q - 2 scrolls of torment
 v - a scroll of noise {unknown}
 E - a scroll of amnesia {unknown}
Potions
 c - a potion of magic
 d - 2 potions of resistance
 e - 3 potions of curing
 g - 2 potions of mutation
 h - 3 potions of invisibility
 m - a potion of brilliance {unknown}
 n - 2 potions of degeneration {unknown}
 s - 3 potions of heal wounds {unknown}
 x - a potion of flight {unknown}
 z - a potion of attraction {unknown}
 C - a potion of cancellation {unknown}
 D - a potion of ambrosia {unknown}


   Skills:
 - Level 2.1 Dodging
 - Level 2.0 Stealth
 + Level 6.7 Spellcasting
 + Level 9.3 Conjurations
 * Level 13.5 Air Magic


You had 12 spell levels left.
You knew the following spells:

 Your Spells              Type           Power      Damage    Failure   Level
a - Airstrike             Air            28%        2d(5-21)  1%          4
d - Static Discharge      Conj/Air       51%        3-10/arc  1%          2
s - Shock                 Conj/Air       100%       1d9       1%          1
S - Swiftness             Air            57%        N/A       1%          3

Your spell library contained the following spells:

 Spells                   Type           Power      Damage    Failure   Level
 Scorch                   Fire           12%        2d5       16%         2
 Apportation              Tloc           12%        N/A       11%         1
 Necrotise                Necr           24%        1d5       11%         1
 Conjure Ball Lightning   Conj/Air       25%        3x3d7     16%         6
 Confusing Touch          Hex            6%         N/A       32%         3
 Tukima's Dance           Hex            6%         N/A       32%         3
 Vampiric Draining        Necr           6%         2d6       32%         3
 Irradiate                Conj/Tmut      12%        3d15      38%         5
 Animate Dead             Necr           6%         N/A       69%         4
 Passage of Golubria      Tloc           6%         N/A       69%         4
 Agony                    Necr           6%         N/A       95%         5
 Alistair's Intoxication  Tmut/Pois      4%         N/A       95%         5
 Yara's Violent Unravell  Hex/Tmut       3%         3d4       95%         5
 Enfeeble                 Hex            3%         N/A       100%        7


Dungeon Overview and Level Annotations

Branches:
Dungeon (8/15)             Temple (1/1) D:4
   Lair: D:8-11

Altars:
Cheibriados
Dithmenos
Elyvilon
Fedhas
Gozag
Hepliaklqana
Kikubaaqudgha
Makhleb
Nemelex Xobeh
Okawaru
Qazlal
Ru
Sif Muna
Trog
Uskayaw
Vehumet
Wu Jian
Xom
Yredelemnul
Zin
The Shining One

Shops:
D:5 (   D:8 =

Annotations:
D:3 3 runed translucent doors, TheGhostDragon952's ghost, amateur MiBe
D:4 digging: a few scrolls


Innate Abilities, Weirdness & Mutations

You have a beak for a mouth.
You have claws for feet.
Your magical nature lets you fly swiftly and evasively.


Message History

The withered plant is struck by an arc of lightning!
The withered plant is moderately damaged.
The withered plant is struck by an arc of lightning!
The withered plant is lightly damaged.
The lightning grounds out.
The unseen horror zombie is struck by an arc of lightning!
The unseen horror zombie is moderately damaged.
You are struck by an arc of lightning.
* * * LOW HITPOINT WARNING * * *
The withered plant is struck by an arc of lightning!
The withered plant is moderately damaged.
The lightning grounds out.
The unseen horror zombie hits you but does no damage.
The unseen horror zombie barely misses you.
The unseen horror zombie hits you but does no damage.
Casting: Static Discharge (safe; 1% risk of failure)
Confirm with . or Enter, or press ? or * to list all spells.
The withered plant is struck by an arc of lightning!
The withered plant is moderately damaged.
The withered plant is struck by an arc of lightning.
The withered plant is lightly damaged.
The withered plant is struck by an arc of lightning!
The withered plant is lightly damaged.
The withered plant is struck by an arc of lightning.
The withered plant is moderately damaged.
You are struck by an arc of lightning.
* * * LOW HITPOINT WARNING * * *
The lightning grounds out.
The unseen horror zombie is struck by an arc of lightning.
The unseen horror zombie is heavily damaged.
You are struck by an arc of lightning.
* * * LOW HITPOINT WARNING * * *
The withered plant is struck by an arc of lightning!
The withered plant is moderately damaged.
The lightning grounds out.
The unseen horror zombie barely misses you.
The unseen horror zombie hits you.
* * * LOW HITPOINT WARNING * * *
The withered plant crumbles away. x2; The unseen horror zombie hits you.
You die...

#.. ##.........<..####
#. #..##.............
.#. ###.####............
...##...P##.......###...
#...#.............# #...
...P.....##....## #...
#....## #.....###...
#.Z## #...........
##@.####.#.........
#....#............
#..##.............#
#..###.#..######...
.####.###.##..#....#...
......##..#...####.#...
#...#...#...#....#...
####...#....#....#...
#...#.>..##..##...


You could see an unseen horror zombie.

Vanquished Creatures
  Pikel (D:7)
  An unseen horror zombie (D:8)
  Prince Ribbit (D:6)
  A water moccasin (D:5)
  2 black bears
  An orc warrior (D:5)
  An ice beast (D:6)
  An ogre (D:6)
  2 lemures (D:7)
  2 phantoms (D:6)
  A centaur (D:6)
  A kobold brigand (D:6)
  A bullfrog (D:8)
  2 necrophages
  7 scorpions
  5 wights
  7 killer bees
  A centaur zombie (D:8)
  Crazy Yiuf (D:2)
  A jelly (D:7)
  A hound (D:6)
  4 orc priests
  2 orc wizards
  2 iguanas
  3 hound zombies (D:4)
  A mummy (D:8)
  A howler monkey zombie (D:8)
  9 adders
  4 gnolls (D:5)
  A shadow imp (D:5)
  A white imp (D:7)
  An ufetubus (D:7)
  2 adder zombies (D:4)
  2 worms (D:2)
  4 dart slugs
  8 orcs
  8 endoplasms
  8 giant cockroaches
  6 goblins
  10 hobgoblins
  7 quokkas
  8 ball pythons
  6 bats
  2 frilled lizards
  A hobgoblin zombie (D:8)
  9 kobolds
  A kobold zombie (D:8)
  2 orc zombies (D:8)
  6 rats
160 creatures vanquished.

Vanquished Creatures (others)
  2 withered plants (D:8)
2 creatures vanquished.

Grand Total: 162 creatures vanquished

Notes
Turn   | Place    | Note
-------+----------+-------------------------------------------
     0 | D:1      | Godmorgon the Tengu Air Elementalist began the quest for
                  | the Orb.
     0 | D:1      | Reached XP level 1. HP: 10/10 MP: 4/4
   128 | D:1      | Reached XP level 2. HP: 15/15 MP: 4/6
   131 | D:1      | Learned a level 2 spell: Static Discharge
   636 | D:1      | Reached XP level 3. HP: 16/19 MP: 1/7
   748 | D:1      | You fall into a shaft and drop 1 floor!
   954 | D:1      | Reached skill level 5 in Air Magic
  1490 | D:2      | Reached XP level 4. HP: 14/24 MP: 1/8
  1664 | D:2      | Found a faded altar of an unknown god.
  1932 | D:2      | Found a runed translucent door.
  1933 | D:2      | Noticed Crazy Yiuf
  2225 | D:2      | Learned a level 4 spell: Airstrike
  2309 | D:2      | Killed Crazy Yiuf
  2723 | D:3      | Found a runed translucent gate.
  2724 | D:3      | Found a runed translucent gate.
  2725 | D:3      | Found a runed translucent gate.
  2725 | D:3      | Noticed TheGhostDragon952's ghost (amateur MiBe)
  2726 | D:3      | Noticed a kobold brigand
  2849 | D:3      | Found an ancient bone altar of Kikubaaqudgha.
  2851 | D:3      | Found a shimmering blue altar of Sif Muna.
  2855 | D:3      | Reached skill level 6 in Air Magic
  2855 | D:3      | Gained mutation: Your magical nature lets you fly swiftly
                  | and evasively. [Tengu growth]
  2855 | D:3      | Reached XP level 5. HP: 17/28 MP: 2/10
  3829 | D:4      | Found a hide-covered altar of Uskayaw.
  4557 | D:4      | Found a staircase to the Ecumenical Temple.
  4569 | D:4      | Reached XP level 6. HP: 32/32 MP: 7/11
  4581 | Temple   | Entered the Ecumenical Temple
  4636 | Temple   | Became a worshipper of Vehumet
  5051 | D:4      | Found a glowing silver altar of Zin.
  5192 | D:4      | Reached skill level 7 in Air Magic
  5396 | D:4      | Found a basalt altar of Yredelemnul.
  5530 | D:4      | Found a hazy altar of Hepliaklqana.
  5606 | D:5      | Entered Level 5 of the Dungeon
  5754 | D:5      | Noticed a water moccasin
  5762 | D:5      | Reached XP level 7. HP: 32/36 MP: 7/13
  5811 | D:5      | Reached skill level 8 in Air Magic
  6119 | D:5      | Reached skill level 5 in Conjurations
  6460 | D:5      | Found Meonwule's Antique Weapon Boutique.
  6484 | D:5      | Reached skill level 9 in Air Magic
  6484 | D:5      | Reached XP level 8. HP: 22/41 MP: 8/15
  6677 | D:5      | Learned a level 3 spell: Swiftness
  7210 | D:6      | Reached skill level 10 in Air Magic
  7210 | D:6      | Reached * piety under Vehumet
  7210 | D:6      | Offered knowledge of Magic Dart by Vehumet.
  7356 | D:6      | Noticed Prince Ribbit
  7426 | D:6      | Got the Meditations on Lethal Blasphemous Rites
  7436 | D:6      | Reached skill level 5 in Spellcasting
  7786 | D:6      | Reached skill level 11 in Air Magic
  7786 | D:6      | Reached XP level 9. HP: 9/45 MP: 2/18
  8108 | D:6      | Identified the +5 pair of boots "Royx" {Stlth+}
  8378 | D:6      | Identified the +4 ring mail "Gepaam" {SInv}
  8670 | D:6      | Killed Prince Ribbit
  8822 | D:7      | Reached skill level 12 in Air Magic
  9121 | D:7      | Noticed Pikel
  9474 | D:7      | Killed Pikel
  9657 | D:7      | Found a bloodstained altar of Trog.
  9773 | D:8      | Found Itopishro's Jewellery Shop.
  9803 | D:8      | Reached skill level 13 in Air Magic
  9843 | D:8      | Reached XP level 10. HP: 44/50 MP: 3/21
  9914 | D:8      | Reached ** piety under Vehumet
  9914 | D:8      | Offered knowledge of Scorch by Vehumet.
  9959 | D:8      | HP: 1/50 [unseen horror zombie (3)]
  9960 | D:8      | Slain by an unseen horror zombie

Illustrated notes

Levels and vault maps discovered:
D:1:      dpeg_arrival_prison, layout_basic
D:2:      layout_rooms, ebering_ecumenical_altar_hall, skrybe_limestone_x,
          uniq_crazy_yiuf_cottage
D:3:      layout_loops_ring, jmf_multi_god_temple,
          gammafunk_ghost_nasty_kobolds, minmay_misc_feat_four_crosses,
          minmay_misc_feat_diagonals
D:4:      layout_loops_cross, zin_scriptorium, nicolae_yredelemnul_corpse_copse,
          nicolae_uskayaw_dance_hall, nzn_hepliaklqana_mist_gate,
          minmay_temple_entry_tees
D:5:      layout_rooms, kennysheep_windowed_goal
D:6:      layout_basic, grunt_ministairs_8, uniq_prince_ribbit1
D:7:      layout_rooms, lightli_temple_of_fire, uniq_pikel
D:8:      layout_layer_cave, serial_undead, serial_undead_a, serial_undead_b,
          serial_undead_b, serial_undead_e, enter_bailey_5,
          nicolae_stop_n_shop_2, minmay_mini_ossuary
Temple:   nicolae_temple_superstar

Skill      XL: |  1  2  3  4  5  6  7  8  9 |
---------------+----------------------------+-----
Conjurations   | 2 3 4 5 7 9 |  9.3
Air Magic      | 5 6 7 9 11 13 | 13.5
Spellcasting   | 3 4 5 6 |  6.7
Dodging        | |  2.1
Stealth        | |  2.0

Action                   |  1- 3 |  4- 6 |  7- 9 | 10-12 || total
-------------------------+-------+-------+-------+-------++-------
Melee: Unarmed           |     2 |       |       |       ||     2
       Peck              |     1 |     4 |     2 |     3 ||    10
       Dagger            |     4 |    28 |     7 |     8 ||    47
       Kick              |       |     7 |     5 |     5 ||    17
       Punch             |       |     2 |       |       ||     2
 Fire: Sling             |    13 |       |       |       ||    13
Throw: Dart              |       |       |     1 |       ||     1
 Cast: Shock             |    45 |    27 |    41 |       ||   113
       Static Discharge  |    13 |    45 |    34 |     9 ||   101
       Airstrike         |       |       |    49 |     1 ||    50
  Use: Scroll            |       |     6 |     3 |       ||     9
 Stab: Sleeping          |     1 |     3 |       |       ||     4
Armor: Robe              |     5 |    11 |     3 |       ||    19
       Ring mail         |       |       |     6 |     8 ||    14
Dodge: Dodged            |    18 |    52 |    24 |    12 ||   106
